A- - U25
ROGUE VALLEY DODGERS @ EUGENE EMERALDS
07/05/2052
 
TOP OF THE 1ST
Redmond Rattlers batting - Pitching for Boise Hawks : RHP Prescott Lee
Pitching: RHP Prescott Lee
Batting: SHB Beau Koss 0-0: Swinging Strike
0-1: Called Strike
0-2: Foul Ball, location: 9LDF
0-2: Ball
1-2: Ball
2-2: Ball
3-2: Ground out 6-3 (Groundball, 4MS, EV 70.6 MPH)
Batting: LHB Cameron Swieczkowski 0-0: Called Strike
0-1: Foul Ball, location: 7LSF
0-2: Ball
1-2: SOLO HOME RUN (Flyball, 7D, EV 96.9 MPH), Distance : 351 ft
Batting: RHB Isaac Medellin 0-0: Swinging Strike
0-1: Ball
1-1: Ball
2-1: Foul Ball, location: 9LSF
2-2: Ball
3-2: Strikes out swinging
Batting: LHB Michael Freeman 0-0: Called Strike
0-1: Ball
1-1: SINGLE (Groundball, 4M, EV 101.9 MPH) (infield hit)
Batting: RHB Gerard Lemak 0-0: Called Strike
0-1: SINGLE (Line Drive, 8RS, EV 101.9 MPH)
Michael Freeman to second
Batting: RHB Mike Cazares 0-0: Ball
1-0: Fly out, F8 (Flyball, 8RM, EV 92.5 MPH)
Top of the 1st over - 1 run, 3 hits, 0 errors, 2 left on base; Redmond 1 - Boise 0
BOTTOM OF THE 1ST
Boise Hawks batting - Pitching for Redmond Rattlers : RHP Daniel Sanabia
Pitching: RHP Daniel Sanabia
Batting: RHB Ramon Neary 0-0: Foul Ball, location: 9LDF
0-1: Ground out 1-3 (Groundball, 13S, EV 69.4 MPH)
Batting: RHB José Montes 0-0: Foul Ball, location: 25F
0-1: Ball
1-1: Ball
2-1: Foul Ball, location: 9LDF
2-2: Ball
3-2: Fly out, F9 (Flyball, 9D, EV 111.3 MPH)
Batting: SHB Chiron Gigliotti 0-0: Ball
1-0: Ground out U3 (Groundball, 34, EV 86.9 MPH)
Bottom of the 1st over - 0 runs, 0 hits, 0 errors, 0 left on base; Redmond 1 - Boise 0
TOP OF THE 2ND
Redmond Rattlers batting - Pitching for Boise Hawks : RHP Prescott Lee
Batting: RHB Nicholas Rhodes 0-0: Fly out, F7 (Line Drive, 7LM, EV 88.1 MPH)
Batting: RHB Jason Devine 0-0: Foul Ball, location: 9LSF
0-1: Bunted foul
0-2: Ball
1-2: Ball
2-2: Ground out 4-3 (Groundball, 4, EV 77.5 MPH)
Batting: RHB A.J. Carver 0-0: Called Strike
0-1: Fly out, F8 (Flyball, 8RD, EV 100.6 MPH)
Top of the 2nd over - 0 runs, 0 hits, 0 errors, 0 left on base; Redmond 1 - Boise 0
BOTTOM OF THE 2ND
Boise Hawks batting - Pitching for Redmond Rattlers : RHP Daniel Sanabia
Batting: RHB Kamden Pineda 0-0: Ball
1-0: Swinging Strike
1-1: Ball
2-1: Foul Ball, location: 5F
2-2: Foul Ball, location: 3FF
2-2: Foul Ball, location: 5F
2-2: SINGLE (Flyball, 8LS, EV 98.8 MPH)
Batting: RHB Ryder Therriault 0-0: Ball
1-0: Ball
2-0: Called Strike
2-1: Fielders Choice at 2nd, 6-4 (Groundball, 6, EV 88.1 MPH)
Batting: RHB Samuel Flateau 0-0: Ball
1-0: Called Strike
1-1: SINGLE (Groundball, 34D, EV 93.8 MPH)
Ryder Therriault to second
Runner from 2nd tries for 3rd, SAFE, throw by RF made to third
Batting: LHB Baldy Higgins 0-0: Ball
1-0: Ball
2-0: Fielders Choice at 2nd, 2-4 (Groundball, 2L, EV 62.5 MPH)
Batting: RHB Reece Mancini 0-0: Fly out, F3 (Line Drive, 3L, EV 61.3 MPH)
Bottom of the 2nd over - 0 runs, 2 hits, 0 errors, 2 left on base; Redmond 1 - Boise 0
TOP OF THE 3RD
Redmond Rattlers batting - Pitching for Boise Hawks : RHP Prescott Lee
Batting: SHB Beau Koss 0-0: Swinging Strike
0-1: Foul Ball, location: 9LDF
0-2: SINGLE (Groundball, 34D, EV 100.0 MPH)
Batting: LHB Cameron Swieczkowski 0-0: Ball
1-0: Ball
2-0: Foul Ball, location: 23F
2-1: Swinging Strike
2-2: SINGLE (Groundball, 34D, EV 103.1 MPH)
Beau Koss to second
Runner from 2nd tries for 3rd, SAFE, throw by RF made to third
Batting: RHB Isaac Medellin 0-0: Called Strike
0-1: Swinging Strike
0-2: Ball
1-2: Fielders Choice at 2nd, 5-4 (Groundball, 56, EV 88.1 MPH)
Beau Koss scores
Batting: LHB Michael Freeman 0-0: Ball
1-0: Swinging Strike
1-1: Foul Ball, location: 2F
1-2: Ball
2-2: Strikes out swinging
Batting: RHB Gerard Lemak 0-0: Fly out, F9 (Flyball, 89M, EV 97.5 MPH)
Top of the 3rd over - 1 run, 2 hits, 0 errors, 1 left on base; Redmond 2 - Boise 0
BOTTOM OF THE 3RD
Boise Hawks batting - Pitching for Redmond Rattlers : RHP Daniel Sanabia
Batting: RHB Gregg Gilmartin 0-0: SINGLE (Groundball, 6D, EV 98.1 MPH)
Batting: RHB Ramon Neary 0-0: Swinging Strike
0-1: DOUBLE (Line Drive, 89D, EV 100.0 MPH)
Gregg Gilmartin to third
Batting: RHB José Montes 0-0: Called Strike
0-1: Ball
1-1: Ball
2-1: Called Strike
2-2: Ball
3-2: Foul Ball, location: 9LMF
3-2: SINGLE (Flyball, 6MD, EV 74.4 MPH)
Gregg Gilmartin scores
Ramon Neary to third
Batting: SHB Chiron Gigliotti 0-0: Ball
1-0: Swinging Strike
1-1: Ball
2-1: Called Strike
2-2: Strikes out looking
Batting: RHB Kamden Pineda 0-0: Fielders Choice at 2nd, 5-4 (Groundball, 56S, EV 89.4 MPH)
Ramon Neary scores
Batting: RHB Ryder Therriault 0-0: Ball
1-0: Foul Ball, location: 2F
1-1: Ground out 5-3 (Groundball, 56S, EV 81.9 MPH)
Bottom of the 3rd over - 2 runs, 3 hits, 0 errors, 1 left on base; Redmond 2 - Boise 2
TOP OF THE 4TH
Redmond Rattlers batting - Pitching for Boise Hawks : RHP Prescott Lee
Batting: RHB Mike Cazares 0-0: Called Strike
0-1: Ground out 5-3 (Groundball, 56, EV 106.9 MPH)
Batting: RHB Nicholas Rhodes 0-0: Foul Ball, location: 2F
0-1: Ball
1-1: Called Strike
1-2: Ball
2-2: Ball
3-2: Strikes out swinging
Batting: RHB Jason Devine 0-0: Ball
1-0: Called Strike
1-1: Swinging Strike
1-2: Foul Ball, location: 9LMF
1-2: Ball
2-2: Ground out 4-3 (Groundball, 4, EV 85.0 MPH)
Top of the 4th over - 0 runs, 0 hits, 0 errors, 0 left on base; Redmond 2 - Boise 2
BOTTOM OF THE 4TH
Boise Hawks batting - Pitching for Redmond Rattlers : RHP Daniel Sanabia
Batting: RHB Samuel Flateau 0-0: Called Strike
0-1: Ball
1-1: Ball
2-1: Ball
3-1: Swinging Strike
3-2: Foul Ball, location: 5F
3-2: SOLO HOME RUN (Flyball, 9D, EV 95.6 MPH), Distance : 367 ft
Batting: LHB Baldy Higgins 0-0: Foul Ball, location: 2F
0-1: Ball
1-1: Ball
2-1: SOLO HOME RUN (Flyball, 89XD, EV 105.0 MPH), Distance : 408 ft
Batting: RHB Reece Mancini 0-0: Ball
1-0: Called Strike
1-1: Swinging Strike
1-2: Ball
2-2: Foul Ball, location: 2F
2-2: Ball
3-2: Base on Balls
Batting: RHB Gregg Gilmartin 0-0: Sac Bunt to 13S - play at first, batter OUT! 1-3
Reece Mancini to second
Batting: RHB Ramon Neary 0-0: Called Strike
0-1: Ball
1-1: Fly out, F8 (Flyball, 8LXD, EV 96.9 MPH)
Runner from 2nd tags up, SAFE at 3rd, no throw by CF
Batting: RHB José Montes 0-0: Fly out, F8 (Flyball, 78D, EV 105.0 MPH)
Bottom of the 4th over - 2 runs, 2 hits, 0 errors, 1 left on base; Redmond 2 - Boise 4
TOP OF THE 5TH
Redmond Rattlers batting - Pitching for Boise Hawks : RHP Prescott Lee
Batting: RHB A.J. Carver 0-0: Called Strike
0-1: Called Strike
0-2: Strikes out swinging
Batting: SHB Beau Koss 0-0: Called Strike
0-1: Swinging Strike
0-2: Strikes out swinging
Batting: LHB Cameron Swieczkowski 0-0: Fly out, F8 (Flyball, 8RM, EV 92.5 MPH)
Top of the 5th over - 0 runs, 0 hits, 0 errors, 0 left on base; Redmond 2 - Boise 4
BOTTOM OF THE 5TH
Boise Hawks batting - Pitching for Redmond Rattlers : RHP Daniel Sanabia
Batting: SHB Chiron Gigliotti 0-0: Ball
1-0: Swinging Strike
1-1: Ball
2-1: Ball
3-1: Base on Balls
Batting: RHB Kamden Pineda 0-0: Ball
1-0: 2-RUN HOME RUN (Flyball, 78XD, EV 95.6 MPH), Distance : 391 ft
Pitching: RHP Juan Leal
Batting: RHB Ryder Therriault 0-0: Fly out, F8 (Flyball, 78M, EV 75.6 MPH)
Batting: RHB Samuel Flateau 0-0: Called Strike
0-1: Ball
1-1: Foul Ball, location: 9LSF
1-2: Ball
2-2: Strikes out swinging
Batting: LHB Baldy Higgins 0-0: Ball
1-0: Swinging Strike
1-1: Ball
2-1: Ball
3-1: Called Strike
3-2: Foul Ball, location: 3FF
3-2: Fly out, F8 (Flyball, 8LS, EV 93.1 MPH)
Bottom of the 5th over - 2 runs, 1 hit, 0 errors, 0 left on base; Redmond 2 - Boise 6
TOP OF THE 6TH
Redmond Rattlers batting - Pitching for Boise Hawks : RHP Prescott Lee
Batting: RHB Isaac Medellin 0-0: SINGLE (Groundball, 6MS, EV 77.5 MPH) (infield hit)
Batting: LHB Michael Freeman 0-0: Called Strike
0-1: Ball
1-1: Ball
2-1: Ball
3-1: Called Strike
3-2: SINGLE (Flyball, 78S, EV 96.9 MPH)
Isaac Medellin to second
Batting: RHB Gerard Lemak 0-0: Ball
1-0: Grounds into double play, 3-6-1 (Groundball, 34, EV 88.8 MPH)
Isaac Medellin to third
Batting: RHB Mike Cazares 0-0: Fly out, F9 (Line Drive, 89D, EV 87.5 MPH)
Top of the 6th over - 0 runs, 2 hits, 0 errors, 1 left on base; Redmond 2 - Boise 6
BOTTOM OF THE 6TH
Boise Hawks batting - Pitching for Redmond Rattlers : RHP Juan Leal
Batting: RHB Reece Mancini 0-0: Ball
1-0: Called Strike
1-1: Ball
2-1: Ball
3-1: Base on Balls
Batting: RHB Gregg Gilmartin 0-0: Fly out, F8 (Flyball, 78S, EV 89.4 MPH)
Batting: RHB Ramon Neary 0-0: Hit by Pitch
Reece Mancini to second
Pinch Runner at 1st Miguel Henriquez:
Batting: RHB José Montes 0-0: Ball
1-0: Foul Ball, location: 2F
1-1: Called Strike
1-2: Ball
2-2: Ball
3-2: Fielders Choice at 2nd, 4-6 (Groundball, 4, EV 87.5 MPH)
Reece Mancini to third
Batting: SHB Chiron Gigliotti 0-0: Ground out 4-3 (Groundball, 4, EV 81.3 MPH)
Bottom of the 6th over - 0 runs, 0 hits, 0 errors, 2 left on base; Redmond 2 - Boise 6
TOP OF THE 7TH
Redmond Rattlers batting - Pitching for Boise Hawks : RHP Prescott Lee
Batting: RHB Nicholas Rhodes 0-0: Called Strike
0-1: Ball
1-1: Foul Ball, location: 2F
1-2: Ball
2-2: Strikes out swinging
Pitching: RHP David Junker
Pinch Hitting: LHB Jesus Sánchez 0-0: Called Strike
0-1: Fly out, F8 (Flyball, 8RS, EV 79.4 MPH)
Batting: RHB A.J. Carver 0-0: Ball
1-0: Ball
2-0: Swinging Strike
2-1: Ball
3-1: DOUBLE (Line Drive, 8RXD, EV 105.0 MPH)
Batting: SHB Beau Koss 0-0: Ball
1-0: Ball
2-0: Ball
3-0: Base on Balls
Batting: LHB Cameron Swieczkowski 0-0: Ball
1-0: Ball
2-0: SINGLE (Line Drive, 78M, EV 88.1 MPH)
A.J. Carver to third
Beau Koss to second
Runner from 3rd tries for Home, SAFE, throw by CF to home
Pinch Hitting: RHB Justin Proehl 0-0: Fielders Choice at 2nd, 6-4 (Groundball, 56, EV 92.5 MPH)
Top of the 7th over - 1 run, 2 hits, 0 errors, 2 left on base; Redmond 3 - Boise 6
BOTTOM OF THE 7TH
Boise Hawks batting - Pitching for Redmond Rattlers : RHP Juan Leal
Pitching: RHP André Gélinas
Now at SS: Chet Damon
Now in CF: Jesus Sánchez
Batting: RHB Kamden Pineda 0-0: Called Strike
0-1: Swinging Strike
0-2: Ball
1-2: Ground out U3 (Groundball, 34, EV 87.5 MPH)
Batting: RHB Ryder Therriault 0-0: Foul Ball, location: 2F
0-1: Ball
1-1: Swinging Strike
1-2: Ball
2-2: Fly out, F7 (Flyball, 7D, EV 106.3 MPH)
Batting: RHB Samuel Flateau 0-0: Ball
1-0: Foul Ball, location: 2F
1-1: Swinging Strike
1-2: Foul Ball, location: 2F
1-2: Strikes out looking
Bottom of the 7th over - 0 runs, 0 hits, 0 errors, 0 left on base; Redmond 3 - Boise 6
TOP OF THE 8TH
Redmond Rattlers batting - Pitching for Boise Hawks : RHP David Junker
Batting: LHB Michael Freeman 0-0: Swinging Strike
0-1: Ball
1-1: Swinging Strike
1-2: Strikes out swinging
Batting: RHB Gerard Lemak 0-0: Called Strike
0-1: Ball
1-1: Ball
2-1: Fly out, F8 (Flyball, 8RD, EV 107.5 MPH)
Batting: RHB Mike Cazares 0-0: Ball
1-0: Ball
2-0: Ball
3-0: Base on Balls
Pinch Hitting: LHB Rhett Terry 0-0: Ball
1-0: Ball
2-0: Foul Ball, location: 2F
2-1: Ground out U3 (Groundball, 3, EV 86.9 MPH)
Top of the 8th over - 0 runs, 0 hits, 0 errors, 1 left on base; Redmond 3 - Boise 6
BOTTOM OF THE 8TH
Boise Hawks batting - Pitching for Redmond Rattlers : RHP André Gélinas
Pitching: RHP Bastian Castillo
Now at 2B: Vulcano Otero
Batting: LHB Baldy Higgins 0-0: Ball
1-0: Foul Ball, location: 23FF
1-1: Ball
2-1: Ball
3-1: Called Strike
3-2: Fly out, F8 (Line Drive, 8LS, EV 97.5 MPH)
Batting: RHB Reece Mancini 0-0: Called Strike
0-1: Ball
1-1: Foul Ball, location: 5SF
1-2: Ball
2-2: Strikes out looking
Batting: RHB Gregg Gilmartin 0-0: Foul Ball, location: 23F
0-1: Fly out, F8 (Flyball, 8RS, EV 78.8 MPH)
Bottom of the 8th over - 0 runs, 0 hits, 0 errors, 0 left on base; Redmond 3 - Boise 6
TOP OF THE 9TH
Redmond Rattlers batting - Pitching for Boise Hawks : RHP David Junker
Pitching: RHP Jadson Gallegos
Batting: LHB Jesus Sánchez 0-0: Ball
1-0: Swinging Strike
1-1: Foul Ball, location: 23FF
1-2: Ball
2-2: Strikes out swinging
Pinch Hitting: RHB Bronson Merlos 0-0: Foul Ball, location: 2F
0-1: Foul Ball, location: 9LSF
0-2: Foul Ball, location: 7LMF
0-2: Fly out, F8 (Flyball, 8RD, EV 88.1 MPH)
Batting: SHB Beau Koss 0-0: Ball
1-0: Ball
2-0: Fly out, F7 (Line Drive, 78S, EV 98.8 MPH)
Top of the 9th over - 0 runs, 0 hits, 0 errors, 0 left on base; Redmond 3 - Boise 6
Saturday, April 27th , 2024 - OOTP Baseball 24.11 Build 85